 Dungeon Crawl Stone Soup version 0.29.1-14-g9c671dbff4 (webtiles) character file.

Game seed: 11947203082847244094

910 Kangrisorn the Trooper (level 7, -2/64 HPs)
             Began as a Minotaur Fighter on Feb 13, 2023.
             Was an Initiate of Okawaru.
             Succumbed to a gnoll sergeant's poison
             ... on level 5 of the Dungeon.
             The game lasted 00:14:19 (5240 turns).

Kangrisorn the Trooper (Minotaur Fighter)           Turns: 5240, Time: 00:14:19

Health: -2/64      AC:  9    Str: 23    XL:     7   Next: 81%
Magic:  6/6        EV:  9    Int:  5    God:    Okawaru [......]
Gold:   276        SH:  5    Dex:  9    Spells: 6/6 levels left

rFire   . . .      SeeInvis .   a - +1 war axe
rCold   . . .      Faith    .   c - +0 buckler
rNeg    . . .      Spirit   .   b - +0 scale mail
rPois   .          Reflect  .   (helmet restricted)
rElec   .          Harm     .   d - +0 cloak
rCorr   .          Rampage  .   (no gloves)
Will    .....                   (no boots)
Stlth   ..........              (no amulet)
HPRegen 0.20/turn               (no ring)
MPRegen 0.10/turn               (no ring)

@: lethally poisoned (-2 -> -19)
A: horns 2, retaliatory headbutt
a: Renounce Religion


You were on level 5 of the Dungeon.
You worshipped Okawaru.
Okawaru was noncommittal.
You visited 1 branch of the dungeon, and saw 5 of its levels.

You collected 276 gold pieces.

Inventory:

Hand Weapons
 a - a +1 war axe (weapon)
Missiles
 i - 5 poisoned darts (quivered)
 p - 6 datura-tipped darts
Armour
 b - a +0 scale mail (worn)
 c - a +0 buckler (worn)
 d - a +0 cloak (worn)
Jewellery
 j - a ring of willpower
 t - a ring of see invisible
Wands
 m - a wand of mindburst (10)
Scrolls
 f - a scroll of immolation
 l - 2 scrolls of fog
 o - a scroll of amnesia {unknown}
 s - a scroll of blinking {unknown}
Potions
 e - a potion of resistance
 g - a potion of heal wounds
 h - a potion of magic
 k - 2 potions of flight
 n - a potion of mutation
 r - 2 potions of lignification {unknown}
Miscellaneous
 q - a piece from Xom's chessboard (15/15)


   Skills:
 + Level 6.5 Fighting
 + Level 5.8 Axes
 + Level 6.4 Armour
 + Level 6.4 Shields


You had 6 spell levels left.
You didn't know any spells.
Your spell library was empty.

Dungeon Overview and Level Annotations

Branches:
Dungeon (5/15)
 Temple: D:4-7

Altars:
Ashenzari
Hepliaklqana
Okawaru
Qazlal
Ru
Trog
Vehumet
Xom
Yredelemnul


Innate Abilities, Weirdness & Mutations

You have a pair of horns on your head.
You reflexively headbutt those who attack you in melee.


Message History

The gnoll barely misses you. The gnoll sergeant closely misses you.
You slash the gnoll!
You kill the gnoll!
Okawaru accepts your kill.
You slash the gnoll sergeant!
You feel very sick.
The gnoll sergeant hits you with a +2 spear of venom.
You barely miss the gnoll sergeant.
The gnoll sergeant is heavily wounded.
You closely miss the gnoll.
You feel sick.
The gnoll sergeant hits you with a +2 spear of venom.
You are more poisoned.
The gnoll hits you but does no damage.
You slash the gnoll sergeant!
You headbutt the gnoll sergeant, but do no damage.
The gnoll sergeant is almost dead.
You hit the gnoll.
You feel very sick. The gnoll barely misses you. You furiously retaliate!
You headbutt the gnoll. The gnoll sergeant barely misses you.
The gnoll barely misses you. You furiously retaliate!
You headbutt the gnoll. The gnoll sergeant closely misses you.
You barely miss the gnoll sergeant.
The gnoll sergeant is almost dead.
You hit the gnoll.
You kill the gnoll!
Okawaru accepts your kill.
You feel very sick.
The gnoll sergeant hits you with a +2 spear of venom!
* * * LOW HITPOINT WARNING * * *
You are more poisoned.
You hit the gnoll sergeant but do no damage.
The gnoll sergeant is almost dead.
* * * LOW HITPOINT WARNING * * *
You feel extremely sick.
The gnoll sergeant hits you but does no damage.
You barely miss the gnoll sergeant. You headbutt the gnoll sergeant.
You kill the gnoll sergeant!
Okawaru accepts your kill.
You die...

##.....## ##...#.
#.###..###...... #.#
##.##....... #.#
#.......... #.#
###........ . #.#
#........ #..## #.#
....#.....
#.....###.##...#####.#).
#.)@.....## ##>#..
#..)))...## #.....
#.######............# ..
.###........# ... ..
.......## .? .. .......
# . .......... ## .
....... # .# #. .....


There were no monsters in sight!

Vanquished Creatures
  Edmund (D:4)
  2 ogres (D:5)
  A gnoll sergeant (D:5)
  A scorpion (D:5)
  A howler monkey (D:5)
  3 hounds
  Crazy Yiuf (D:3)
  2 iguanas
  3 orc wizards (D:4)
  7 gnolls
  6 adders
  2 ufetubi (D:4)
  A worm (D:2)
  5 dart slugs
  15 orcs
  5 endoplasms
  4 giant cockroaches (D:2)
  7 goblins
  15 hobgoblins
  4 jackals (D:3)
  7 quokkas
  9 ball pythons
  5 bats
  6 frilled lizards
  5 kobolds
  5 rats
123 creatures vanquished.

Vanquished Creatures (others)
  2 fungi (D:1)
  26 plants
28 creatures vanquished.

Grand Total: 151 creatures vanquished

Notes
Turn   | Place    | Note
-------+----------+-------------------------------------------
     0 | D:1      | Kangrisorn the Minotaur Fighter began the quest for the
                  | Orb.
     0 | D:1      | Reached XP level 1. HP: 19/19 MP: 0/0
    42 | D:1      | Found a faded altar of an unknown god.
   234 | D:1      | Reached XP level 2. HP: 20/27 MP: 1/1
   465 | D:1      | Reached XP level 3. HP: 31/33 MP: 2/2
  1700 | D:2      | Reached XP level 4. HP: 35/41 MP: 3/3
  2452 | D:3      | Found a shimmering altar of Xom.
  2997 | D:3      | Reached XP level 5. HP: 47/47 MP: 4/4
  3015 | D:3      | Found a runed translucent door.
  3016 | D:3      | Noticed Crazy Yiuf
  3025 | D:3      | Killed Crazy Yiuf
  3631 | D:4      | Noticed Edmund
  3656 | D:4      | Killed Edmund
  3657 | D:4      | Reached skill level 5 in Fighting
  3657 | D:4      | Reached skill level 5 in Armour
  3657 | D:4      | Reached skill level 5 in Shields
  3657 | D:4      | Reached XP level 6. HP: 6/56 MP: 5/5
  3997 | D:4      | Found a hazy altar of Hepliaklqana.
  3999 | D:4      | Found a stormy altar of Qazlal.
  4000 | D:4      | Found a radiant altar of Vehumet.
  4001 | D:4      | Found a sacrificial altar of Ru.
  4003 | D:4      | Found a basalt altar of Yredelemnul.
  4064 | D:4      | Found a broken altar of Ashenzari.
  4065 | D:4      | Found a bloodstained altar of Trog.
  4608 | D:4      | Reached XP level 7. HP: 59/62 MP: 6/6
  4832 | D:5      | Entered Level 5 of the Dungeon
  4835 | D:5      | Found an iron altar of Okawaru.
  4842 | D:5      | Became a worshipper of Warmaster Okawaru
  4879 | D:5      | Reached skill level 5 in Axes
  5239 | D:5      | HP: 3/64 [poisoned by a gnoll sergeant]
  5240 | D:5      | Succumbed to a gnoll sergeant's poison

Illustrated notes

Levels and vault maps discovered:
D:1:      sevenhm_arrival_forest_fort_small_3, layout_rooms,
          shapermc_ecumenical_altar_gd
D:2:      minmay_evil_eye, layout_loops_corners, serial_bayou_lagoon_b
D:3:      layout_loops_ring, xom_butterflies, serial_glass, glass_columns_a,
          glass_columns_b, chequers_big_river, minmay_stone_trees_small,
          uniq_crazy_yiuf_cottage
D:4:      layout_cave_pools, grunt_temple_overflow_open,
          gammafunk_temple_overflow_pools, hex_large, uniq_edmund
D:5:      layout_rooms, mainiacjoe_overflow_alcove_2,
          cheibrodos_sewer_entry_bend

Skill      XL: |  1  2  3  4  5  6  7 |
---------------+----------------------+-----
Armour         | 4 5 6 |  6.4
Fighting       | 4 5 6 |  6.5
Axes           | 3 4 5 |  5.8
Shields        | 4 5 6 |  6.4

Action                   |  1- 3 |  4- 6 |  7- 9 || total
-------------------------+-------+-------+-------++-------
Melee: War axe           |    94 |   165 |    44 ||   303
       Headbutt          |    19 |    17 |    11 ||    47
Throw: Dart              |       |     8 |       ||     8
  Use: Scroll            |     2 |     8 |       ||    10
       Potion            |     1 |     3 |       ||     4
Armor: Scale mail        |    39 |   115 |    28 ||   182
Dodge: Dodged            |    46 |   100 |    22 ||   168
Block: Buckler           |    19 |    54 |    10 ||    83
